 Dungeon Crawl Stone Soup version 0.29-a0-330-g52719c12eb (webtiles) character file.

Game seed: 7386710154270239467

36 kae the Firebug (level 3, -5/27 HPs)
             Began as a Demigod Fire Elementalist on Apr 18, 2022.
             Killed by nerve-wracking pain
             ... invoked by Grinder
              (14 damage)
             ... on level 3 of the Dungeon.
             The game lasted 00:00:47 (2028 turns).

kae the Firebug (Demigod Fire Elementalist)         Turns: 2028, Time: 00:00:47

Health: -5/27      AC:  2    Str:  9    XL:     3   Next: 5%
Magic:  4/8        EV: 12    Int: 27    God:
Gold:   119        SH:  0    Dex: 14    Spells: 3/6 levels left

rFire   . . .      SeeInvis .   (no weapon)
rCold   . . .      Faith    .   (no shield)
rNeg    . . .      Spirit   .   a - +0 robe
rPois   .          Reflect  .   (no helmet)
rElec   .          Harm     .   (no cloak)
rCorr   .          Rampage  .   (no gloves)
Will    .....                   (no boots)
Stlth   ++........              (no amulet)
HPRegen 0.09/turn               h - +6 ring of intelligence
MPRegen 0.11/turn               j - ring of flight

@: attractive, flying
A: high MP 1, forlorn, divine attributes
a: no special abilities


You were on level 3 of the Dungeon.
You visited 1 branch of the dungeon, and saw 3 of its levels.

You collected 119 gold pieces.

Inventory:

Armour
 a - a +0 robe (worn)
Jewellery
 h - a +6 ring of intelligence (left hand)
 j - a ring of flight (right hand)
Scrolls
 d - a scroll of amnesia
 i - a scroll of identify
Potions
 b - a potion of magic
 c - a potion of haste
 g - 2 potions of flight
 l - a potion of curing {unknown}


   Skills:
 + Level 0.5 Fighting
 + Level 2.1 Dodging
 + Level 2.0 Stealth
 + Level 2.0 Spellcasting
 + Level 1.2 Conjurations
 * Level 3.1 Fire Magic


You had 3 spell levels left.
You knew the following spells:

 Your Spells              Type           Power      Damage    Failure   Level
a - Foxfire               Conj/Fire      56%        2x1d6     4%          1
b - Scorch                Fire           38%        2d7       4%          2

Your spell library contained the following spells:

 Spells                   Type           Power      Damage    Failure   Level
 Conjure Flame            Conj/Fire      14%        6-21      12%         3
 Inner Flame              Hex/Fire       11%        N/A       16%         3
 Flame Wave               Conj/Fire      14%        2d6       36%         4


Dungeon Overview and Level Annotations

Branches:
Dungeon (3/15)

Annotations:
D:3 Grinder


Innate Abilities, Weirdness & Mutations

You have an increased reservoir of magic. (+10% MP)
You shall have no god before yourself.
Your divine heritage dramatically boosts your attributes as you level up.


Message History

Casting: Foxfire (safe; 4% risk of failure)
Confirm with . or Enter, or press ? or * to list all spells.
You conjure some foxfire!
Your foxfire dissipates!
Your foxfire dissipates!
The foxfire hits Grinder but does no damage.
Grinder is lightly wounded.
The foxfire hits Grinder but does no damage.
Grinder is lightly wounded.
Grinder gestures at you. Pain shoots through your body!
Casting: Foxfire (safe; 4% risk of failure)
Confirm with . or Enter, or press ? or * to list all spells.
You can't see any susceptible monsters within range! (Use Z to cast anyway.)
Casting: Foxfire (safe; 4% risk of failure)
Confirm with . or Enter, or press ? or * to list all spells.
You conjure some foxfire!
Grinder gestures at you.
You suddenly lose the ability to move!
The foxfire hits Grinder but does no damage.
Grinder is lightly wounded.
The foxfire hits Grinder.
Grinder is moderately wounded.
You can move again.
Unknown command.
Unknown command.
It was a potion of attraction.
You feel attractive to monsters.
It was a potion of flight.
You feel more buoyant. Grinder gestures at you. Pain shoots through your body!
Unknown command.
It was a potion of cancellation.
Your magical effects are unravelling.
You feel magically purged. Grinder gestures at you.
Pain shoots through your body!
Ouch! That really hurt!
You die...

.. #.## #..##
... ...
#.#####.#
#.......##
#.@.# #.5.#
#...#
#####...#####
#.. .
#...........##
#.# #.
.)...........#
#.# .<.
#............#
#.##.#.
#####...####.#
#....#. #...#
#.# #......


You could see Grinder.

Vanquished Creatures
  An adder (D:2)
  2 dart slugs
  3 endoplasms (D:1)
  A giant cockroach (D:2)
  3 hobgoblins
  7 bats
  2 frilled lizards
  A kobold (D:2)
  3 rats
23 creatures vanquished.

Vanquished Creatures (others)
  113 foxfires
113 creatures vanquished.

Grand Total: 136 creatures vanquished

Notes
Turn   | Place    | Note
-------+----------+-------------------------------------------
     0 | D:1      | kae the Demigod Fire Elementalist began the quest for the
                  | Orb.
     0 | D:1      | Reached XP level 1. HP: 14/14 MP: 5/5
   100 | D:1      | Reached skill level 1 in Conjurations
   456 | D:1      | Reached XP level 2. HP: 20/20 MP: 5/7
   847 | D:2      | Reached skill level 3 in Fire Magic
  1855 | D:3      | Learned a level 2 spell: Scorch
  1915 | D:3      | Reached XP level 3. HP: 27/27 MP: 5/8
  2013 | D:3      | Noticed Grinder
  2022 | D:3      | Paralysed by Grinder for 3 turns
  2028 | D:3      | Killed from afar by Grinder

Illustrated notes

Levels and vault maps discovered:
D:1:      lordsloth_arrival_two_stooges, layout_basic,
          hellmonk_ecumenical_altar_heavens_door, minmay_tall_x
D:2:      layout_loops_cross
D:3:      layout_loops_cross, tso_oasis_becter, gammafunk_ghost_cemetery,
          minmay_surrounded, uniq_grinder

Skill      XL: |  1  2  3 |
---------------+----------+-----
Conjurations   | 1 |  1.2
Dodging        | 2 |  2.1
Fire Magic     | 3 |  3.1
Stealth        | 2 |  2.0
Spellcasting   | 2 |  2.0
Fighting       | |  0.5

Action                   || total
-------------------------++-------
Melee: Unarmed           ||    15
 Cast: Foxfire           ||    70
  Use: Scroll            ||     4
       Potion            ||     3
Armor: Robe              ||    12
Dodge: Dodged            ||    24

Table legend: (Time is in decaauts)
 A = Elapsed time spent in this place.
 B = Non-inter-level travel time spent in this place.
 C = Inter-level travel time spent in this place.
 D = Time resting spent in this place.
 E = Time spent auto-exploring this place.
 F = Levels seen in this place.
 G = Mean time per level.
                   A        B        C        D        E       F      G
               +--------+--------+--------+--------+--------+-----+--------+
         Total |   2026 |   1994 |     32 |     54 |   1685 |   3 |  675.3 |
       Dungeon |   2026 |   1994 |     32 |     54 |   1685 |   3 |  675.3 |
               +--------+--------+--------+--------+--------+-----+--------+

Top non-repeatable levels by time:
     D:2: 1077 daAuts
     D:1: 770 daAuts
     D:3: 178 daAuts
